 Dungeon Crawl Stone Soup version 0.31-a0-214-gb37851dbb3 (webtiles) character file.

Game seed: 2699224037530386951

121 qw the Shooter (level 4, 0/36 HPs)
             Began as a Minotaur Hexslinger on July 1, 2023.
             Succumbed to a scorpion's poison
             ... on level 3 of the Dungeon.
             The game lasted 00:00:33 (1509 turns).

qw the Shooter (Minotaur Hexslinger)                Turns: 1509, Time: 00:00:33

Health: 0/36       AC:  3    Str: 13    XL:     4   Next: 76%
Magic:  4/4        EV: 12    Int: 10    God:
Gold:   16         SH:  0    Dex: 14    Spells: 4/5 levels left

rFire   . . .        Y - +1 sling
rCold   . . .        (no shield)
rNeg    . . .        f - +0 leather armour
rPois   .            (helmet restricted)
rElec   .            (no cloak)
rCorr   .            (no gloves)
SInv    .            (no boots)
Will    .....        h - amulet of the acrobat
Stlth   +            (no ring)
HPRegen 0.26/turn    (no ring)
MPRegen 0.09/turn

%: acrobat
@: lethally poisoned (0 -> -1)
A: horns 2, retaliatory headbutt
a: no special abilities


You were on level 3 of the Dungeon.
You visited 1 branch of the dungeon, and saw 3 of its levels.

You collected 16 gold pieces.


Innate Abilities, Weirdness & Mutations

You have a pair of horns on your head.
You reflexively headbutt those who attack you in melee.


   Skills:
 + Level 2.0 Fighting
 - Level 5.3 Ranged Weapons
 - Level 2.1 Dodging
 - Level 1.0 Spellcasting
 - Level 2.0 Hexes


You had 4 spell levels left.
You knew the following spells:

 Your Spells              Type           Power      Damage    Failure   Level
a - Slow                  Hex            16%        N/A       19%         1

Your spell library contained the following spells:

 Spells                   Type           Power      Damage    Failure   Level
 Inner Flame              Hex/Fire       2%         N/A       65%         3
 Portal Projectile        Hex/Tloc       4%         N/A       65%         3
 Cause Fear               Hex            2%         N/A       88%         4

Inventory:

Hand Weapons
 Y - a +1 sling (weapon)
Armour
 f - a +0 leather armour (worn)
Jewellery
 h - an amulet of the acrobat (around neck)
Scrolls
 a - 5 scrolls of identify
 b - a scroll of summoning {unknown}

Dungeon Overview and Level Annotations

Branches:
Dungeon (3/15)

Altars:


Message History

You feel much better.
You feel sick. The scorpion closely misses you. The adder closely misses you.
You shoot a sling bullet.
The sling bullet barely misses the scorpion.
You feel sick. The scorpion stings you. The adder bites you but does no damage.
The scorpion stings you but does no damage.
The adder closely misses you.
You shoot a sling bullet. The sling bullet hits the scorpion.
The scorpion is severely wounded.
You feel sick.
You are no longer poisoned.
A rat comes into view.
The adder completely misses you. The scorpion stings you.
You are poisoned.
The scorpion poisons you! The goblin hits you but does no damage.
You shoot a sling bullet. The sling bullet hits the scorpion.
The scorpion is severely wounded.
You feel sick. The adder barely misses you. The scorpion barely misses you.
The goblin hits you but does no damage. The adder barely misses you.
You furiously retaliate!
You headbutt the adder! The scorpion stings you.
You shoot a sling bullet.
The sling bullet hits the scorpion but does no damage.
The scorpion is severely wounded.
You feel sick. The adder barely misses you. The goblin barely misses you.
The scorpion barely misses you. You furiously retaliate!
You headbutt the scorpion!
You kill the scorpion!
Your Ranged Weapons skill increases to level 5!
You have reached level 4!
You feel stronger.
You shoot a sling bullet.
The sling bullet barely misses the adder.
You feel sick. The adder barely misses you.
The goblin hits you with a +0 dagger. The adder barely misses you.
You shoot a sling bullet. The sling bullet hits the adder.
The adder is severely wounded.
You feel sick. The goblin hits you with a +0 dagger. The adder bites you.
You shoot a sling bullet.
The sling bullet hits the adder but does no damage.
The adder is severely wounded.
You die...

### .. #.# ## +
#.. g#.# #..#Sr.#
#.#.g@# #.#.#.#
.. ##.#...###...
# ##.....#...#
#.#........#....%
........######..
###.............
...#...#.#######
.....#.#.#


You could see an adder, a hobgoblin, a goblin and a rat.

Vanquished Creatures
  A scorpion (D:3)
  2 adders (D:2)
  A worm (D:2)
  2 dart slugs (D:1)
  2 bats
  5 endoplasms
  A giant cockroach (D:1)
  5 goblins
  4 hobgoblins
  3 kobolds
  3 quokkas
  2 ball pythons
  A frilled lizard (D:1)
  6 rats
38 creatures vanquished.

Notes
Turn   | Place    | Note
-------+----------+-------------------------------------------
     0 | D:1      | qw the Minotaur Hexslinger began the quest for the Orb.
     0 | D:1      | Reached XP level 1. HP: 16/16 MP: 1/1
     0 | D:1      | 0 ||| qw: Version: 0.3-a-32-g5962c71
     0 | D:1      | 0 ||| qw: Game counter: 7454
     0 | D:1      | 0 ||| qw: Melee chars always use a shield: true
     0 | D:1      | 0 ||| qw: God list: Okawaru
     0 | D:1      | 0 ||| qw: Allow faded altars: false
     0 | D:1      | 0 ||| qw: Do Orc after clearing Dungeon:15 true
     0 | D:1      | 0 ||| qw: Do second Lair branch before Depths: true
     0 | D:1      | 0 ||| qw: Lair rune preference: random
     0 | D:1      | 0 ||| qw: Goals: Normal
     0 | D:1      | 0 ||| PLANNING D:1-11
   127 | D:1      | Reached skill level 3 in Ranged Weapons
   149 | D:1      | Reached XP level 2. HP: 18/23 MP: 2/2
   718 | D:1      | 718 ||| UPGRADING to +0 leather armour.
   728 | D:1      | 728 ||| DROPPING +0 robe.
   729 | D:1      | 729 ||| DROPPING scarf of harm.
   730 | D:1      | 730 ||| UPGRADING to amulet of the acrobat.
   735 | D:1      | 735 ||| READING 3 scrolls labelled GEIDUS WIRUQ.
   736 | D:1      | 736 ||| READING scroll labelled GOFEBA VOIRIESK.
   737 | D:1      | 737 ||| READING scroll labelled EFANKA KIASISK.
   738 | D:1      | 738 ||| DRINKING 2 glowing red potions.
   739 | D:1      | 739 ||| READING 2 scrolls of identify.
   739 | D:1      | 739 ||| IDENTIFYING murky golden potion
   740 | D:1      | 740 ||| DROPPING scroll of poison.
   741 | D:1      | 741 ||| DROPPING potion of lignification.
   900 | D:2      | Reached XP level 3. HP: 16/29 MP: 3/3
  1027 | D:2      | Reached skill level 4 in Ranged Weapons
  1458 | D:2      | 1458 ||| READING scroll labelled BIVOUJUSADD.
  1459 | D:2      | 1459 ||| DRINKING 2 fuming pink potions.
  1460 | D:2      | 1460 ||| DROPPING potion of invisibility.
  1491 | D:3      | Noticed a scorpion
  1501 | D:3      | HP: 6/29 [poisoned by a scorpion]
  1502 | D:3      | 1502 ||| DRINKING potion of heal wounds.
  1506 | D:3      | HP: 7/29 [poisoned by a scorpion]
  1506 | D:3      | Killed a scorpion
  1507 | D:3      | Reached skill level 5 in Ranged Weapons
  1507 | D:3      | Reached XP level 4. HP: 9/36 MP: 4/4
  1508 | D:3      | HP: 1/36 [adder (3)]
  1509 | D:3      | Succumbed to a scorpion's poison

Levels and vault maps discovered:
D:1:      spicycebolla_arrival_xxxplode, layout_basic, hex_tiny, glass_columns_a
D:2:      layout_basic
D:3:      layout_loops_ring, mainiacjoe_overflow_tiny_flanked,
          ebering_ecumenical_altar_abandoned, hangedman_decor_clover_reticule,
          minivault_24, roderic_batcave, minmay_fractal_squares_diagonal_5

Skill      XL: |  1  2  3 |
---------------+----------+-----
Ranged Weapons | 3 5 |  5.3
Fighting       | 2 |  2.0
Dodging        | |  2.1
Spellcasting   | |  1.0
Hexes          | |  2.0

Action                     |  1- 3 |  4- 6 || total
---------------------------+-------+-------++-------
   Fire: Sling             |   128 |     3 ||   131
    Use: Scroll            |     5 |       ||     5
         Potion            |     3 |       ||     3
 Armour: Robe              |     2 |       ||     2
         Leather armour    |    16 |       ||    16
  Dodge: Dodged            |    47 |     2 ||    49

Table legend:
 A = Non-vault XP
 B = Vault XP
 C = Vault XP percentage of total XP
 D = Non-vault monster count
 E = Vault monster count
 F = Vault count percentage of total count
                 A         B        C        D         E       F
            +---------+---------+-------+---------+---------+-------
      Total |      85 |      88 |  50.9 |      34 |       4 |  10.5
            +---------+---------+-------+---------+---------+-------
        D:1 |      30 |       0 |   0.0 |      16 |       0 |   0.0
        D:2 |      54 |       0 |   0.0 |      17 |       0 |   0.0
        D:3 |       1 |      88 |  98.9 |       1 |       4 |  80.0
            +---------+---------+-------+---------+---------+-------
